 Dungeon Crawl Stone Soup version 0.19.0-19-g8c6edcc (webtiles) character file.

48 KarmaPolice the Charmwright (level 3, -1/27 HPs)
             Began as a Vampire Skald on Nov 14, 2016.
             Killed from afar by Natasha (7 damage)
             ... with a magic dart
             ... on level 2 of the Dungeon.
             The game lasted 00:03:05 (1126 turns).

KarmaPolice the Charmwright (Vampire Skald)         Turns: 1126, Time: 00:03:05

Health: -1/27      AC:  3    Str: 11    XL:     3   Next: 50%
Magic:  2/6        EV: 11    Int: 14    God:
Gold:   20         SH:  0    Dex: 14    Spells: 3 memorised, 2 levels left

rFire  . . .     SeeInvis +     a - +0 falchion
rCold  . . .     Gourm    .     b - +0 leather armour
rNeg   + . .     Faith    .     (no shield)
rPois  .         Spirit   .     (no helmet)
rElec  .         Reflect  .     (no cloak)
rCorr  .         Harm     .     (no gloves)
MR     .....                    (no boots)
Stlth  +.........               (no amulet)
                                (no ring)
                                (no ring)

@: infused, singing
A: fangs 3, see invisible, unbreathing
a: Bat Form, Stop Singing


You were on level 2 of the Dungeon.
You were not thirsty.

You visited 1 branch of the dungeon, and saw 2 of its levels.

You collected 20 gold pieces.

Inventory:

Hand Weapons
 a - a +0 falchion (weapon)
Armour
 b - a +0 leather armour (worn)
Scrolls
 f - 2 scrolls of recharging {unknown}
 g - a scroll of remove curse {unknown}
Potions
 d - 9 potions of blood
 e - a potion of degeneration {unknown}
 h - a potion of lignification {unknown}
 i - 2 potions of invisibility {unknown}
 j - a potion of heal wounds {unknown}
Books
 c - a book of Battle

   Spells                             Type                      Level
   a - Infusion                       Charms                       1
   b - Shroud of Golubria             Charms/Translocation         2
   c - Song of Slaying                Charms                       2
   d - Spectral Weapon                Hexes/Charms                 3
   e - Regeneration                   Charms/Necromancy            3


   Skills:
 + Level 2.2 Fighting
 + Level 2.5 Long Blades
 - Level 0.7 Armour
 - Level 1.1 Dodging
 + Level 2.5 Spellcasting
 + Level 3.8 Charms


You had 2 spell levels left.
You knew the following spells:

 Your Spells              Type           Power        Failure   Level  Hunger
a - Infusion              Chrm           ##..         10%         1    #......
b - Shroud of Golubria    Chrm/Tloc      #.........   21%         2    ###....
c - Song of Slaying       Chrm           ##......     12%         2    ###....


Dungeon Overview and Level Annotations

Branches:
Dungeon (2/15)

Altars:

Annotations:
D:2 Natasha


Innate Abilities, Weirdness & Mutations

You have razor-sharp teeth.
You have supernaturally acute eyesight. (SInv)
You can survive without breathing.


Message History

Casting: Infusion
Confirm with . or Enter, or press ? or * to list all spells.
You start singing a song of slaying.
Casting: Song of Slaying
Confirm with . or Enter, or press ? or * to list all spells.
You begin infusing your attacks with magical energy.
The goblin hits you but does no damage. Natasha casts a spell at you.
The magic dart hits you!
Unknown command.
You hit the goblin!
You kill the goblin!
Natasha claws you.
* * * LOW HITPOINT WARNING * * *
You completely miss Natasha.
The goblin hits you with a dagger of draining.
* * * LOW HITPOINT WARNING * * *
Natasha casts a spell at you. The magic dart hits you!
You die...

### #.. #.# #.# #
###### #.# .. ...
....# #.#####.##. ..
#..###g.........
#..###..#)@h.........
#..#......####.#?##.#
#..#.#..### .# #
#.......# .#
#.......# .#
##.#.##.# .#
#.#..#.## ..
#.......# ..
#.....).#


You could see Natasha and a goblin.

Vanquished Creatures
  2 oozes (D:1)
  A dart slug (D:1)
  2 leopard geckos (D:1)
  2 ball pythons (D:1)
  4 goblins
  2 hobgoblins (D:1)
  7 jackals (D:1)
  3 bats (D:1)
  7 frilled lizards (D:1)
  2 kobolds (D:1)
  3 rats (D:1)
35 creatures vanquished.

Notes
Turn   | Place    | Note
-------+----------+-------------------------------------------
     0 | D:1      | KarmaPolice the Vampire Skald began the quest for the Orb.
     0 | D:1      | Reached XP level 1. HP: 16/16 MP: 3/3
   238 | D:1      | Reached XP level 2. HP: 19/22 MP: 5/5
   510 | D:1      | Learned a level 2 spell: Shroud of Golubria
   513 | D:1      | Learned a level 2 spell: Song of Slaying
   536 | D:1      | Reached XP level 3. HP: 14/27 MP: 6/6
  1116 | D:2      | Noticed Natasha
  1126 | D:2      | Killed from afar by Natasha

Skill      XL: |  1  2 |
---------------+-------+-----
Fighting       | 2 |  2.2
Long Blades    | |  2.5
Armour         | |  0.7
Dodging        | |  1.1
Spellcasting   | |  2.5
Charms         | |  3.8

Action                   || total
-------------------------++-------
Melee: Falchion          ||    94
       Bite              ||     7
 Cast: Infusion          ||     5
       Song of Slaying   ||     2
 Stab: Distracted        ||     1
  Eat: Corpse            ||     1
Armor: Leather armour    ||    33
Dodge: Dodged            ||    62
       Rpst.: Falchion   ||    23
